Map: Ascension to Aiur LE

Players

MaNa

  • Race: Protoss Protoss
  • Spawn Location: 5:00

HateMe - Winner!

  • Race: Zerg Zerg
  • Spawn Location: 11:00

Event: WCS Valencia 2017

VOD

Have the link to the VOD?

Description

Time

  • Played on: July 13, 2017, 7:47 a.m.
  • Length: 30:23

All games in this series

Show
View Real Time Build Order
Export as new Build Order

MaNa Protoss 

Build Orders: 1 Gate Expand, Zealot Archon 

Get SALT Encoding   

  12  0:00  Probe (Chrono Boost)  
  13  0:11  Probe (Chrono Boost)  
  14  0:17  Pylon  
  14  0:22  Probe (Chrono Boost)  
  15  0:36  Probe (Chrono Boost)  
  15  0:39  Gateway  
  16  0:46  Probe (Chrono Boost)  
  17  0:50  Assimilator  
  18  0:57  Probe (Chrono Boost)  
  18  1:07  Probe (Chrono Boost)  
  19  1:18  Probe (Chrono Boost)  
  20  1:25  Nexus  
  20  1:35  Cybernetics Core  
  20  1:37  Probe (Chrono Boost)  
  21  1:44  Assimilator  
  21  1:48  Probe (Chrono Boost)  
  21  1:53  Pylon  
  22  1:59  Probe (Chrono Boost)  
  23  2:11  Probe (Chrono Boost), Stalker (Chrono Boost), Warp Gate  
  26  2:22  Probe (Chrono Boost)  
  27  2:27  Robotics Facility  
  27  2:32  Probe (Chrono Boost)  
  27  2:37  Probe (Chrono Boost)  
  28  2:42  Adept (Chrono Boost)  
  28  2:43  Probe (Chrono Boost)  
  32  2:48  Probe (Chrono Boost)  
  33  2:54  Probe (Chrono Boost)  
  35  2:58  Probe (Chrono Boost)  
  35  3:05  Probe (Chrono Boost)  
  36  3:08  Probe (Chrono Boost)  
  37  3:13  Warp Prism (Chrono Boost)  
  39  3:20  Gateway  
  39  3:21  Gateway  
  39  3:23  Probe  
  39  3:26  Mothership Core (Chrono Boost)  
  42  3:31  Pylon  
  42  3:33  Probe  
  42  3:40  Twilight Council  
  43  3:45  Probe (Chrono Boost)  
  43  3:47  Observer, Probe (Chrono Boost)  
  46  3:56  Probe (Chrono Boost)  
  46  3:58  Pylon, Probe (Chrono Boost)  
  48  4:12  Probe x2 (Chrono Boost), Nexus  
  50  4:18  Zealot x2  
  50  4:19  Adept  
  50  4:24  Dark Shrine  
  56  4:25  Probe (Chrono Boost)  
  56  4:28  Probe (Chrono Boost)  
  58  4:36  Pylon, Probe (Chrono Boost)  
  58  4:38  Probe (Chrono Boost)  
  60  4:40  Assimilator  
  60  4:41  Assimilator  
  60  4:46  Pylon  
  60  4:48  Probe (Chrono Boost)  
  60  4:49  Probe (Chrono Boost)  
  62  4:54  Sentry x2  
  62  4:55  Sentry  
  68  5:00  Probe x2 (Chrono Boost)  
  68  5:04  Pylon  
  68  5:06  Immortal  
  74  5:11  Probe x2 (Chrono Boost)  
  77  5:21  Probe (Chrono Boost)  
  77  5:25  Probe x2 (Chrono Boost)  
  79  5:33  Forge, Gateway  
  79  5:34  Gateway  
  79  5:40  Dark Templar x3  
  85  5:47  Probe x3 (Chrono Boost)  
  88  5:51  Immortal  
  88  5:57  Protoss Ground Weapons Level 1 (Chrono Boost)  
  92  5:59  Probe (Chrono Boost)  
  92  6:02  Probe x2 (Chrono Boost)  
  91  6:09  Probe (Chrono Boost)  
  91  6:11  Charge  
  92  6:12  Probe x2 (Chrono Boost)  
  93  6:19  Zealot x3, Probe (Chrono Boost)  
  93  6:21  Probe  
  93  6:25  Assimilator  
  97  6:26  Assimilator  
  95  6:33  Archon  
  95  6:34  Probe x2  
  95  6:36  Immortal (Chrono Boost)  
  99  6:44  Gateway  
  99  6:45  Photon Cannon, Gateway  
  95  6:47  Gateway  
  95  6:49  Pylon  
  95  6:52  Pylon  
  95  6:55  Dark Templar x2  
  95  7:00  Templar Archives  
  99  7:01  Archon  
  99  7:05  Pylon  
  99  7:07  Pylon  
  99  7:11  Immortal (Chrono Boost)  
  99  7:14  Probe x2  
  105  7:24  Pylon  
  105  7:27  Robotics Facility, Psionic Storm  
  105  7:29  Nexus  
  105  7:30  Pylon  
  105  7:31  Zealot  
  105  7:32  Pylon  
  105  7:33  Zealot  
  105  7:34  Zealot  
  111  7:39  High Templar  
  111  7:40  High Templar  
  111  8:06  Protoss Ground Weapons Level 2  
  111  8:08  Probe  
  106  8:13  Zealot x8  
  106  8:19  Immortal x2 (Chrono Boost)  
  129  8:31  Gateway x2  
  129  8:33  Pylon  
  129  8:35  Pylon  
  129  8:37  Pylon  
  129  8:39  Pylon, High Templar x4  
  137  8:43  Archon  
  137  8:44  Archon  
  135  8:55  Photon Cannon  
  135  8:58  Immortal (Chrono Boost)  
  135  8:59  Immortal (Chrono Boost)  
  143  9:02  Pylon  
  143  9:03  Photon Cannon  
  143  9:13  High Templar  
  143  9:14  Zealot, High Templar  
  143  9:15  Zealot x2  
  143  9:16  Nexus  
  153  9:17  Pylon  
  153  9:20  Pylon  
  152  9:40  Immortal x2 (Chrono Boost)  
  152  9:42  Robotics Bay  
  160  9:52  Pylon  
  160  9:54  Pylon  
  160  9:55  Stargate  
  158  10:10  High Templar x3  
  158  10:11  High Templar  
  140  10:36  Photon Cannon  
  140  10:37  Photon Cannon  
  140  10:39  Zealot x3, Photon Cannon x2  
  140  10:40  Zealot, Photon Cannon, Protoss Ground Weapons Level 3  
  140  10:41  Photon Cannon  
  148  10:43  Pylon  
  148  10:44  Photon Cannon  
  148  10:46  Pylon  
  142  10:55  Photon Cannon  
  141  10:57  Photon Cannon  
  141  10:58  Photon Cannon  
  141  10:59  Oracle  
  141  11:01  Photon Cannon  
  141  11:02  Photon Cannon  
  144  11:04  Photon Cannon  
  144  11:07  Photon Cannon  
  144  11:08  Nexus  
  144  11:09  Photon Cannon  
  144  11:11  Photon Cannon  
  144  11:12  Photon Cannon  
  144  11:13  High Templar  
  144  11:14  Gateway, High Templar x3  
  144  11:17  Gateway  
  152  11:18  Archon x2  
  150  11:28  Zealot  
  144  11:37  Zealot x3  
  139  11:45  Warp Prism (Chrono Boost)  
  131  11:56  High Templar x2  
  131  11:57  High Templar x2  
  131  11:59  Probe x2  
  131  12:00  Probe, Nexus  
  131  12:01  Archon x2  
  141  12:03  Pylon  
  141  12:09  Zealot  
  141  12:10  Zealot  
  141  12:14  Observer (Chrono Boost)  
  146  12:22  High Templar  
  148  12:26  Probe  
  148  12:27  Probe x2  
  148  12:29  Assimilator  
  143  12:38  Probe  
  143  12:39  Probe x2  
  143  12:51  Probe x2  
  145  12:53  Probe  
  146  13:03  Probe x2, High Templar x6  
  160  13:07  Archon  
  160  13:08  Archon x2  
  160  13:10  Observer x2 (Chrono Boost)  
  162  13:16  Probe  
  162  13:17  Probe  
  161  13:41  Zealot x5  
  159  13:47  Probe  
  157  13:48  Probe x2  
  157  13:49  Probe  
  147  13:58  Probe  
  147  14:00  Probe x2  
  147  14:01  Probe  
  147  14:08  Probe, Gateway, Fleet Beacon  
  147  14:12  Probe  
  147  14:13  Probe  
  144  14:27  High Templar x4  
  144  14:30  Zealot  
  153  14:42  Archon  
  153  14:43  Archon  
  153  14:50  Stargate x2  
  153  14:57  Tempest  
  152  15:15  Nexus  
  152  15:18  Zealot x4, High Templar x2  
  152  15:19  Zealot  
  166  15:22  Pylon  
  166  15:36  Tempest (Chrono Boost)  
  166  15:42  Assimilator  
  165  15:54  Tempest (Chrono Boost), Assimilator  
  165  15:57  Zealot x4  
  155  16:08  Zealot x3  
  147  16:22  Tempest (Chrono Boost)  
  159  16:41  Tempest (Chrono Boost)  
  153  17:02  Tempest (Chrono Boost)  
  153  17:04  Zealot  
  159  17:21  Protoss Air Weapons Level 1  
  159  17:24  High Templar x2  
  163  17:36  Nexus  
  155  17:38  Probe  
  155  17:40  Probe x3  
  147  17:49  Probe  
  148  17:52  Probe x3  
  148  17:56  High Templar x2, Archon  
  155  18:00  Probe  
  155  18:02  Zealot, Archon  
  155  18:04  Probe  
  159  18:10  Probe x2  
  155  18:17  Observer  
  156  18:41  Observer  
  151  18:52  Observer  
  151  18:55  Oracle (Chrono Boost)  
  145  19:03  Probe  
  145  19:04  Probe x2  
  145  19:05  Probe  
  149  19:14  Probe  
  149  19:17  Probe x2  
  153  19:22  Nexus  
  152  19:24  Probe, Mothership Core  
  153  19:40  Protoss Ground Armor Level 1, Protoss Air Weapons Level 2  
  149  19:48  Pylon  
  148  20:31  Void Ray x2 (Chrono Boost)  
  159  20:36  Assimilator  
  159  20:40  Assimilator  
  158  20:43  Zealot  
  158  20:44  Zealot  
  158  20:45  Photon Cannon, Oracle (Chrono Boost)  
  158  20:47  Photon Cannon  
  162  21:03  Probe x2  
  162  21:05  Probe x3  
  167  21:14  Probe x2  
  167  21:17  Probe x3, Nexus  
  167  21:18  Oracle (Chrono Boost)  
  175  21:22  Zealot x3  
  156  21:37  Void Ray (Chrono Boost)  
  160  21:50  High Templar x2  
  164  21:59  Carrier (Chrono Boost)  
  170  22:26  Carrier (Chrono Boost)  
  180  22:37  Carrier (Chrono Boost)  
  178  22:47  Zealot x2  
  182  22:55  Probe  
  182  22:56  Probe x2  
  182  22:57  Probe x3  
  182  23:06  Probe  
  182  23:09  Probe x2  
  177  23:15  Carrier (Chrono Boost)  
  175  23:28  Assimilator  
  173  23:35  Blink  
  171  23:42  Carrier (Chrono Boost)  
  177  23:48  Zealot x5  
  177  23:49  Zealot  
  195  24:04  Carrier (Chrono Boost)  
  195  24:06  Probe  
  195  24:08  Probe x2  
  190  24:11  Probe x2  
  190  24:13  Probe  
  181  24:17  Probe  
  181  24:20  Probe x2  
  181  24:22  Probe  
  181  24:23  High Templar x4  
  187  24:25  Probe  
  187  24:33  Dark Templar x2  
  187  24:34  Probe x3  
  187  24:35  Probe  
  187  24:36  Probe  
  187  24:37  Probe  
  194  25:06  Dark Templar x2  
  195  25:13  Zealot x3  
  195  25:14  Zealot  
  180  25:21  Probe  
  180  25:23  Probe x2  
  178  25:31  Nexus  
  178  25:33  Probe  
  160  25:50  Probe  
  160  25:51  Probe  
  160  25:52  Probe x3  
  165  26:03  Pylon  
  165  26:10  Graviton Catapult  
  143  26:49  Probe  
  143  26:50  Probe  
  143  26:51  Probe  
  146  27:01  Probe  
  146  27:03  Probe  
  146  27:28  High Templar x4  
  144  27:40  Archon x2  
  144  27:41  Archon  
  134  27:55  High Templar x2  
  135  28:04  Archon  
  135  28:05  High Templar x4  
  118  28:27  Archon x2  
Show
View Real Time Build Order
Export as new Build Order

HateMe Zerg - Winner!

Build Orders: Hatch First 

Get SALT Encoding   

  12  0:02  Drone  
  13  0:12  Overlord  
  13  0:17  Drone  
  14  0:30  Drone  
  14  0:31  Drone  
  14  0:35  Drone  
  17  0:51  Hatchery  
  17  0:55  Drone  
  17  0:58  Drone  
  17  1:01  Extractor  
  17  1:15  Spawning Pool  
  17  1:18  Drone  
  17  1:20  Drone  
  18  1:28  Drone  
  19  1:38  Drone  
  20  1:49  Hatchery  
  20  1:52  Drone  
  20  2:03  Queen  
  22  2:08  Metabolic Boost  
  22  2:12  Zergling x2  
  23  2:15  Drone  
  23  2:18  Drone  
  23  2:22  Drone  
  26  2:25  Drone  
  26  2:28  Drone  
  28  2:35  Overlord  
  28  2:45  Overlord  
  28  2:47  Pneumatized Carapace  
  28  3:02  Drone x4  
  28  3:03  Queen  
  34  3:05  Overlord  
  34  3:08  Drone  
  34  3:11  Drone  
  35  3:20  Drone x2  
  35  3:21  Overlord  
  35  3:23  Drone  
  35  3:24  Drone  
  39  3:27  Drone  
  39  3:29  Drone  
  39  3:33  Drone  
  42  3:35  Queen  
  44  3:45  Lair  
  44  3:50  Drone  
  44  3:51  Drone x4  
  44  3:55  Overlord  
  49  4:06  Overlord x2  
  49  4:13  Extractor, Queen x2  
  49  4:14  Extractor  
  49  4:16  Zergling x6  
  49  4:17  Zergling x4  
  57  4:24  Zergling x6  
  59  4:31  Drone x4  
  59  4:32  Drone  
  59  4:34  Evolution Chamber  
  59  4:36  Overlord  
  63  4:43  Drone  
  63  4:44  Drone x7  
  71  4:58  Drone x4  
  74  5:00  Zerg Melee Weapons Level 1  
  74  5:03  Spire  
  73  5:10  Zergling x6  
  73  5:11  Overlord  
  76  5:17  Extractor x2  
  76  5:18  Extractor, Overlord  
  76  5:19  Drone  
  74  5:22  Hatchery  
  74  5:28  Drone x6  
  75  5:29  Drone  
  79  5:36  Drone x5  
  84  5:43  Overlord  
  84  5:44  Drone  
  84  5:45  Drone  
  84  5:47  Hydralisk Den  
  84  5:48  Baneling Nest  
  84  5:55  Drone x5  
  88  5:59  Overseer x2  
  88  6:00  Overseer  
  84  6:05  Zergling x2  
  84  6:06  Zergling x4  
  84  6:26  Drone x6  
  84  6:32  Drone x3  
  89  6:36  Centrifical Hooks  
  89  6:37  Muscular Augments, Overlord  
  91  6:56  Drone  
  91  6:57  Drone x3  
  91  6:58  Overlord  
  91  6:59  Hatchery, Zerg Melee Weapons Level 2, Overlord  
  91  7:00  Hydralisk x4  
  100  7:03  Hydralisk x2  
  104  7:10  Hydralisk x2  
  104  7:11  Hydralisk  
  104  7:12  Queen  
  112  7:17  Overlord  
  112  7:18  Overlord  
  112  7:23  Overlord  
  112  7:24  Overlord  
  112  7:25  Hydralisk x2  
  112  7:29  Hydralisk x2  
  118  7:34  Hydralisk x2  
  118  7:36  Hydralisk x2  
  128  7:38  Hydralisk  
  128  7:42  Zergling x10  
  135  7:45  Zergling x6  
  135  7:50  Zergling x2  
  135  7:51  Zergling x8  
  133  8:01  Zergling x2  
  133  8:02  Zergling x4  
  136  8:14  Zergling x2  
  136  8:15  Hatchery, Zergling x18  
  143  8:25  Hydralisk x4  
  151  8:29  Zergling x2  
  151  8:32  Drone  
  151  8:33  Zergling x14  
  160  8:36  Baneling x12  
  160  8:37  Baneling  
  160  8:38  Overlord  
  160  8:42  Zergling x4  
  160  8:48  Zergling x10  
  167  8:52  Zergling x2  
  168  8:57  Zergling x2  
  168  8:58  Zergling x4  
  168  9:02  Infestation Pit  
  170  9:08  Zergling x2  
  170  9:09  Zergling x10  
  175  9:26  Overlord x2  
  175  9:31  Baneling x11  
  172  9:35  Baneling x5  
  172  9:37  Zergling x2  
  172  9:38  Zergling x20  
  177  9:50  Hive  
  177  9:51  Zergling x18  
  177  9:52  Spire  
  185  9:58  Zergling x14  
  182  10:06  Queen  
  170  10:10  Zergling x20  
  171  10:20  Zergling x6  
  167  10:22  Zergling x2  
  167  10:23  Zergling x4  
  169  10:33  Extractor x2  
  169  10:34  Drone x4  
  169  10:35  Drone x3  
  174  10:37  Baneling  
  174  10:38  Baneling x13  
  174  10:43  Hatchery  
  167  10:53  Zergling x26  
  176  11:04  Greater Spire  
  176  11:08  Overlord x2  
  176  11:09  Zergling x2  
  176  11:10  Zergling x10  
  182  11:15  Zergling x2  
  182  11:16  Zergling x6  
  185  11:22  Zergling x10  
  188  11:32  Zergling x24  
  157  11:40  Zergling x6  
  157  11:43  Hydralisk x2  
  152  11:49  Hydralisk x6  
  154  11:56  Hydralisk x3  
  159  12:01  Hydralisk x3  
  159  12:03  Zergling x2  
  159  12:07  Baneling  
  159  12:08  Baneling x4  
  166  12:13  Baneling  
  166  12:14  Baneling x2  
  166  12:15  Baneling x15  
  166  12:17  Baneling x3  
  166  12:21  Zergling x6  
  166  12:22  Zergling x2  
  170  12:24  Baneling x3, Zergling x2  
  171  12:36  Zergling x20  
  177  12:47  Corruptor x3  
  183  12:51  Corruptor  
  183  12:54  Corruptor  
  186  13:00  Baneling x4  
  186  13:01  Baneling x2  
  186  13:04  Corruptor x2  
  179  13:33  Brood Lord x5  
  188  13:37  Corruptor  
  188  13:38  Corruptor x4  
  160  13:55  Drone  
  160  13:56  Drone x9  
  160  13:57  Drone x3  
  167  14:19  Brood Lord  
  167  14:20  Brood Lord x4  
  176  14:26  Drone  
  176  14:27  Drone  
  176  14:31  Brood Lord  
  175  14:32  Brood Lord  
  175  14:34  Zergling x2  
  175  14:35  Zergling x16  
  185  14:41  Zergling x12  
  185  14:45  Zergling x6  
  192  14:46  Zergling x2  
  192  14:48  Overseer x2  
  192  14:52  Zergling x8  
  199  14:56  Zergling x2  
  200  15:04  Extractor x2  
  200  15:06  Spore Crawler  
  195  15:08  Spore Crawler  
  195  15:09  Spore Crawler  
  195  15:11  Spore Crawler  
  174  15:15  Pathogen Glands  
  174  15:22  Spore Crawler x2, Drone x10  
  181  15:44  Baneling x6  
  181  15:45  Baneling x4  
  182  15:50  Zergling x26  
  174  16:12  Neural Parasite  
  174  16:23  Burrow, Overlord x2  
  174  16:24  Infestor x5  
  184  16:27  Infestor  
  184  16:29  Hatchery x2  
  184  16:36  Infestor x3  
  190  16:45  Infestor x3  
  192  16:57  Infestor x2  
  192  16:58  Infestor x2  
  197  17:08  Baneling  
  197  17:09  Baneling x11  
  197  17:12  Infestor x2  
  193  17:31  Zerg Melee Weapons Level 3  
  193  17:35  Extractor  
  174  17:45  Zergling x10  
  174  17:46  Zergling x12  
  185  17:53  Baneling x3  
  185  17:54  Zergling x12  
  189  18:17  Zergling x20  
  189  18:55  Corruptor x5  
  192  19:08  Infestor x2  
  196  19:10  Corruptor x2  
  200  19:17  Spore Crawler  
  200  19:18  Spore Crawler x3, Zerg Flyer Armor Level 1  
  200  19:19  Spore Crawler  
  200  19:20  Spore Crawler x4  
  200  19:24  Zergling x22  
  192  19:25  Overseer  
  199  19:35  Spore Crawler x2  
  199  19:36  Spore Crawler x2  
  199  19:38  Spore Crawler  
  194  19:40  Spore Crawler, Adrenal Glands  
  194  19:41  Spore Crawler  
  194  19:42  Zergling x4  
  185  19:58  Zergling x24  
  197  20:03  Extractor x2  
  193  20:17  Zergling x14  
  198  20:33  Hatchery  
  197  20:37  Spore Crawler  
  197  20:38  Drone  
  197  20:39  Spore Crawler, Drone x2  
  197  20:41  Spore Crawler x2  
  192  20:43  Spore Crawler  
  192  20:45  Baneling x7  
  191  20:54  Drone x5  
  191  20:56  Drone  
  197  21:05  Zerg Ground Armor Level 1  
  196  21:13  Zerg Flyer Weapons Level 1  
  183  21:27  Zergling x32  
  184  21:43  Zergling x18  
  193  22:10  Drone  
  193  22:11  Drone x6  
  193  22:12  Spore Crawler x2  
  193  22:15  Spore Crawler  
  197  22:16  Spore Crawler  
  195  22:23  Drone x3  
  195  22:24  Drone x3  
  198  22:57  Spore Crawler x2  
  198  22:58  Spore Crawler x2  
  195  23:01  Spore Crawler  
  195  23:04  Zergling x28  
  195  23:05  Zergling x2  
  194  23:06  Zerg Flyer Armor Level 2  
  194  23:08  Zergling x2  
  194  23:09  Zergling x4  
  191  23:19  Zergling x2  
  190  23:20  Zergling x10  
  189  23:44  Hatchery  
  189  23:46  Zerg Ground Armor Level 2  
  189  23:48  Zergling x16  
  188  23:49  Zergling x8  
  188  24:15  Drone  
  188  24:16  Drone x7  
  187  24:17  Drone x3  
  187  24:18  Drone x2  
  187  24:19  Drone x8  
  197  24:29  Zergling x10  
  198  24:35  Zergling x2  
  198  24:36  Zergling x10  
  199  24:55  Spore Crawler, Zergling x2  
  198  25:00  Spore Crawler  
  198  25:01  Spore Crawler x3  
  198  25:02  Spore Crawler  
  198  25:03  Baneling x12  
  192  25:15  Spore Crawler  
  192  25:16  Spore Crawler x3  
  192  25:17  Spore Crawler x2  
  183  25:27  Zergling x2  
  183  25:28  Zergling x14  
  183  25:40  Zerg Flyer Armor Level 3  
  183  25:51  Zergling x34  
  183  25:53  Hatchery  
  183  25:55  Extractor  
  183  25:56  Extractor  
  176  26:44  Zergling x2  
  176  26:45  Zergling x32  
  189  26:47  Spore Crawler  
  189  26:48  Spore Crawler  
  189  26:51  Spore Crawler  
  189  26:53  Spore Crawler  
  182  27:03  Baneling  
  182  27:07  Corruptor x7  
  182  27:50  Corruptor x8  
  188  28:04  Infestor x3  
  172  28:12  Infestor x3  
  164  28:13  Infestor x3  
  164  28:14  Infestor x3  
  162  28:21  Brood Lord  
  162  28:22  Brood Lord  
  165  28:27  Brood Lord  
  154  29:01  Hydralisk x3  
  160  29:07  Spawning Pool  
  153  29:37  Overlord x3  
  147  29:57  Zergling x2  
Tags
 
Add a new tag
Caveats
  • Supply blocks, unpowered buildings, or Contaminate may cause inaccurate times.
  • Supply counts are checked every 10 seconds.